 Dungeon Crawl Stone Soup version bcrawl-1.13.5 (webtiles) character file.

Game seed: 3572442794840360981

233 Anmu the Magician (level 5, 0/39 HPs)
             Began as a Djinni Wizard on Aug 28, 2019.
             Slain by a bullfrog (8 damage)
             ... in a sewer.
             The game lasted 00:15:17 (3214 turns).

Anmu the Magician (Djinni Wizard)                   Turns: 3214, Time: 00:15:18

Health: 0/39       AC:  2    Str: 10    XL:     5   Next: 75%
Magic:  2/14       EV: 12    Int: 21    God:
Gold:   89         SH:  3    Dex:  9    Spells: 14/18 levels left

rFire    . . .     SeeInvis .   a - +0 staff
rCold    . . .     Gourm    .   (no shield)
rNeg     . . .     Faith    .   (no armour)
rPois    .         Spirit   .   i - +1 hat
rElec    .         Reflect  +   e - +0 cloak
rCorr    .         Harm     .   (no gloves)
MR       .....     Rnd*Rage +   (boots unavailable)
Stlth    ++........             m - +3 amulet of reflection
HPRegen  0.13/turn              (no ring)
MPRegen  0.14/turn              (no ring)

@: flying
A: never pass out, berserk 2, blink, blurry vision 2, wild magic 2, MP-powered
wands, floating
a: Blink


You were in a sewer.
You were not hungry.

You visited 1 branch of the dungeon, and saw 3 of its levels.
You also visited: Sewer.

You collected 89 gold pieces.

Inventory:

Hand Weapons
 a - a +0 staff (weapon)
Armour
 e - a +0 cloak (worn)
 i - a +1 hat (worn)
 k - a +2 robe of magic resistance
Jewellery
 m - a +3 amulet of reflection (around neck)
Scrolls
 b - 2 scrolls of blinking {unknown}
 j - a scroll of enchant armour
Potions
 c - a potion of degeneration {unknown}
 l - a potion of brilliance {unknown}
 n - a potion of lignification {unknown}
Comestibles
 f - 3 rations {!d}


   Skills:
 + Level 0.7 Fighting
 + Level 0.4 Staves
 + Level 3.0 Dodging
 + Level 1.8 Stealth
 + Level 7.0 Spellcasting
 + Level 3.0 Conjurations
   Level 1.0 Summonings
   Level 1.2 Translocations


You had 14 spell levels left.
You knew the following spells:

 Your Spells              Type           Power        Failure   Level  Hunger
a - Magic Dart            Conj           ####         8%          1    None
b - Mephitic Cloud        Conj/Pois/Air  ###.....     32%         3    #......

Your spell library contained the following spells:

 Spells                   Type           Power        Failure   Level  Hunger
 Slow                     Hex            ##......     19%         1    None
 Blink                    Tloc           N/A          19%         2    None
 Call Imp                 Summ           ###.....     19%         2    None
 Conjure Flame            Conj/Fire      ###.....     28%         3    #......


Dungeon Overview and Level Annotations

Branches:
Dungeon (3/12)

Altars:
Yredelemnul


Innate Abilities, Weirdness & Mutations

You never pass out after going berserk.
You often lose your temper in combat.
You can translocate small distances at will.
Scrolls take you longer to read.
Your spells are harder to cast, but more powerful.
You expend magic power (3 MP) to strengthen your wands.
Your body floats in the air.


Message History

Aiming: Magic Dart (safe; 8% risk of failure)
Press: ? - help, Shift-Dir - straight line, f/p - bullfrog
Aim: a bullfrog (moderately wounded)
The magic dart hits the bullfrog.
The bullfrog is heavily wounded.
The bullfrog gives a loud, deep croak!
You block the bullfrog's attack. The bullfrog hits you!
The bullfrog releases a deep croak.
The bullfrog hits you. The bullfrog hits you! The bullfrog closely misses you.
The bullfrog hits you. The bullfrog hits you! The bullfrog hits you.
The bullfrog misses you.
You blink.
You feel slightly more hungry.
The bullfrog releases a deep croak.
You blink.
You feel slightly more hungry.
A giant cockroach comes into view.
The bullfrog hits you!
You die...

#############
#≈≈≈≈≈.≈≈≈≈.#####
#≈≈≈.≈≈.≈≈≈≈..∩.###
#..†#########†...≈##
####≈≈.≈.≈≈≈.≈≈####≈≈∩#
##.≈#≈≈≈≈≈#####≈≈.≈#####
####≈.≈#######≈∩.#.≈≈.≈≈≈##
##≈≈≈≈.≈≈#...≈.†.≈####÷≈≈.≈#
##.≈≈≈#≈≈##≈@FF..≈≈≈≈≈###≈≈≈≈
#≈≈..##≈.#≈≈#######≈≈≈≈≈##≈.≈
##..≈##≈≈##≈≈ ###..≈≈##≈.
#≈≈≈≈#≈..#≈≈. ##≈≈≈.#≈.
##≈.≈##†≈≈#≈≈. ##≈≈≈##≈
#.≈.≈#≈≈≈.#≈≈. #≈≈≈≈#≈
#∩..≈#≈.≈.#s≈. #≈.≈≈#≈
#.≈≈≈#≈≈≈≈#≈.≈ #≈≈≈≈#≈
##≈≈.##†≈÷## ##†≈≈##.


You could see 2 bullfrogs and a giant cockroach (wandering).

Vanquished Creatures
  Jessica (D:2)
  A river rat (D:3)
  5 adders (Sewer)
  7 oozes
  3 worms
  A dart slug (D:2)
  16 leopard geckos
  11 ball pythons
  7 bats
  12 giant cockroaches
  3 goblins
  4 hobgoblins
  9 jackals
  7 frilled lizards (Sewer)
  6 kobolds
  3 rats
96 creatures vanquished.

Notes
Turn   | Place    | Note
-------+----------+-------------------------------------------
     0 | D:1      | Anmu the Djinni Wizard began the quest for the Orb.
     0 | D:1      | Reached XP level 1. HP: 14/14 MP: 5/5
     0 | D:1      | Noticed an octopode
     0 | D:1      | Noticed a vine stalker
     1 | D:1      | Noticed a spriggan
     3 | D:1      | Noticed a centaur
     3 | D:1      | Noticed a minotaur
     5 | D:1      | Noticed a troll
     8 | D:1      | Noticed a gargoyle
    10 | D:1      | Noticed a minotaur
    10 | D:1      | Noticed an elf
    12 | D:1      | Noticed a felid
    14 | D:1      | Noticed a naga
    16 | D:1      | Noticed a dwarf
    16 | D:1      | Noticed a draconian
    16 | D:1      | Noticed a vampire
    18 | D:1      | Noticed a formicid
   174 | D:1      | Reached skill level 5 in Spellcasting
   253 | D:1      | Reached XP level 2. HP: 4/20 MP: 5/8
  1169 | D:2      | Reached XP level 3. HP: 27/27 MP: 2/9
  1345 | D:2      | Noticed Jessica
  1349 | D:2      | Killed Jessica
  1451 | D:2      | Gained mutation: Your spells are harder to cast, but more
                  | powerful. [Djinni growth]
  1451 | D:2      | Gained mutation: You can translocate small distances at
                  | will. [Djinni growth]
  1451 | D:2      | Reached XP level 4. HP: 34/34 MP: 3/11
  1621 | D:2      | Reached skill level 6 in Spellcasting
  2132 | D:3      | Found a basalt altar of Yredelemnul.
  2156 | D:3      | Found a glowing drain.
  2196 | Sewer    | Entered a sewer
  2377 | Sewer    | Reached XP level 5. HP: 39/39 MP: 8/13
  2892 | Sewer    | Learned a level 3 spell: Mephitic Cloud
  3186 | Sewer    | Reached skill level 7 in Spellcasting
  3214 | Sewer    | Slain by a bullfrog

Skill      XL: |  1  2  3  4  5 |
---------------+----------------+-----
Spellcasting   | 5 6 7 |  7.0
Conjurations   | 2 3 |  3.0
Dodging        | 3 |  3.0
Fighting       | |  0.7
Staves         | |  0.4
Stealth        | |  1.8
Summonings     | |  1.0
Translocations | |  1.2

Action                   |  1- 3 |  4- 6 || total
-------------------------+-------+-------++-------
Melee: Staff             |    24 |     3 ||    27
 Cast: Magic Dart        |    76 |   147 ||   223
       Mephitic Cloud    |       |     3 ||     3
 Abil: Blink             |       |     2 ||     2
  Use: Scroll            |       |     6 ||     6
  Eat: Chunk             |     1 |     6 ||     7
Armor: Robe              |    14 |       ||    14
       Skin              |       |     3 ||     3
Dodge: Dodged            |    46 |    31 ||    77
Block: Other             |       |     1 ||     1
